Map: Alcyone LE

Players

Dragonite

  • Race: Protoss Protoss
  • League: Master
  • Spawn Location: 1:00

IA (Muy fácil) 1 - Winner!

  • Race: Terran Terran
  • Spawn Location: 7:00

VOD

Have the link to the VOD?

Description

Time

  • Played on: Oct. 25, 2024, 3:34 p.m.
  • Length: 15:31
Show
View Real Time Build Order
Export as new Build Order

Dragonite Protoss 

Build Orders:  

Get SALT Encoding   

  12  0:07  Probe x12  
    0:19  Unknown  
  12  3:24  Probe x12  
    3:36  Unknown  
  12  4:05  Probe x12  
    4:17  Unknown  
    4:18  Probe  
  13  4:32  Probe  
  13  4:35  Pylon  
  14  4:44  Probe (Chrono Boost)  
  15  4:56  Probe (Chrono Boost), Gateway  
  16  5:03  Probe (Chrono Boost)  
  16  5:04  Assimilator  
  17  5:10  Probe  
  18  5:22  Probe  
  19  5:34  Probe  
  20  5:44  Cybernetics Core  
  20  5:52  Nexus  
  20  5:55  Probe  
  21  6:00  Pylon  
  21  6:07  Probe  
  21  6:09  Assimilator  
  22  6:17  Stalker (Chrono Boost)  
  22  6:19  Probe (Chrono Boost)  
  22  6:23  Warp Gate  
  25  6:35  Probe (Chrono Boost)  
  26  6:40  Probe (Chrono Boost)  
  26  6:46  Twilight Council  
  27  6:50  Probe  
  27  6:54  Stalker  
  30  7:03  Probe  
  31  7:08  Probe  
  31  7:11  Gateway  
  31  7:15  Probe  
  33  7:16  Blink (Chrono Boost)  
  33  7:19  Shield Battery  
  33  7:21  Probe  
  34  7:28  Probe  
  35  7:33  Probe  
  36  7:40  Probe  
  37  7:46  Probe  
  37  7:49  Robotics Facility  
  38  7:52  Probe, Gateway  
  38  7:58  Probe  
  40  8:04  Pylon, Probe  
  41  8:10  Probe  
  41  8:11  Pylon  
  42  8:13  Stalker  
  42  8:14  Stalker  
  42  8:18  Assimilator  
  46  8:22  Probe x2  
  48  8:31  Assimilator  
  48  8:34  Probe x2  
  48  8:36  Observer (Chrono Boost)  
  51  8:41  Pylon  
  51  8:42  Stalker  
  51  8:46  Probe x2  
  51  8:48  Observer (Chrono Boost)  
  55  8:51  Nexus  
  56  8:58  Probe x2  
  58  9:08  Charge (Chrono Boost)  
  58  9:11  Probe x2  
  58  9:13  Sentry  
  62  9:17  Shield Battery  
  62  9:19  Pylon  
  62  9:23  Probe x2  
  64  9:31  Forge  
  64  9:32  Gateway  
  64  9:33  Gateway  
  64  9:37  Probe x2, Templar Archives  
  66  9:42  Gateway  
  66  9:45  Gateway  
  66  9:51  Gateway  
  66  9:55  Probe x2  
  66  9:59  Immortal (Chrono Boost)  
  68  10:04  Probe  
  68  10:06  Psionic Storm  
  73  10:07  Protoss Ground Weapons Level 1 (Chrono Boost), Probe x2  
  75  10:16  Probe  
  75  10:19  High Templar  
  78  10:21  Zealot x2  
  78  10:23  Probe  
  78  10:24  Probe  
  78  10:26  Assimilator  
  84  10:30  Probe, Assimilator  
  84  10:32  Pylon  
  85  10:37  High Templar  
  85  10:40  Probe  
  85  10:41  Probe  
  89  10:43  Probe  
  89  10:46  High Templar  
  92  10:51  Pylon  
  92  10:52  Pylon  
  92  10:53  Probe x2  
  94  10:59  Zealot x3  
  100  11:04  Pylon  
  100  11:05  Pylon  
  100  11:12  High Templar x2  
  100  11:13  Zealot  
  100  11:14  Zealot  
  100  11:16  Archon  
  108  11:27  Zealot x4  
  116  11:38  Warp Prism  
  118  11:41  Zealot x2  
  118  11:46  Gateway  
  122  11:48  Gateway  
  122  11:55  High Templar x5  
  122  11:59  Protoss Ground Armor Level 1 (Chrono Boost), Archon x2  
  132  12:04  Nexus  
  132  12:06  Pylon x2  
  132  12:16  Pylon  
  132  12:24  Zealot x2  
  132  12:27  Zealot x6  
  148  12:43  Forge  
  147  13:12  Stalker x5  
  157  13:42  Robotics Bay  
  157  13:44  Robotics Facility  
  157  13:47  Immortal (Chrono Boost)  
  157  13:52  Observer  
  159  14:14  Shield Battery  
Show
View Real Time Build Order
Export as new Build Order

IA (Muy fácil) 1 Terran - Winner!

Build Orders: Command Center First 

Get SALT Encoding   

  1  0:00  Orbital Command  
  13  0:07  SCV x12  
    0:20  SCV  
  13  0:32  SCV  
  14  0:38  Supply Depot  
  14  0:44  SCV  
  15  0:59  SCV  
  16  1:11  SCV  
  17  1:22  Command Center  
  17  1:32  Barracks  
  17  1:37  Refinery  
  17  2:01  Supply Depot  
  17  2:06  Refinery  
  17  2:19  Barracks Tech Lab, Orbital Command  
  17  2:34  SCV  
  18  2:37  Marine  
  19  2:46  SCV  
  19  2:48  SCV  
  21  3:24  SCV x12  
    3:36  Unknown  
    3:37  SCV  
  13  3:49  SCV  
  13  3:52  Orbital Command  
  15  4:05  SCV x12  
    4:18  SCV  
  13  4:30  SCV  
  14  4:42  SCV  
  15  4:55  Supply Depot  
  15  5:16  SCV  
  15  5:19  Command Center  
  16  5:33  Barracks  
  16  5:38  Refinery  
  16  6:04  Supply Depot  
  16  6:13  Refinery  
  16  6:19  Marine  
  16  6:20  Orbital Command  
  17  6:34  SCV  
  18  6:46  SCV  
  19  6:51  Marine  
  20  6:55  SCV  
  21  7:02  SCV  
  22  7:09  SCV  
  22  7:10  Barracks Tech Lab  
  23  7:17  SCV  
  24  7:24  SCV  
  24  7:25  Factory  
  24  7:28  Marine  
  26  7:44  SCV  
  27  7:51  SCV  
  28  7:58  SCV  
  28  7:59  Marine  
  30  8:12  Starport  
  30  8:31  Marauder  
  32  8:49  Starport Tech Lab  
  32  9:02  Marine  
  32  9:07  Raven  
  35  9:37  Command Center  
  35  9:42  Raven  
  37  10:50  SCV  
  38  10:57  SCV  
  38  11:00  Refinery  
  38  11:03  Refinery  
  39  11:05  SCV  
  40  11:12  SCV  
  41  11:19  SCV  
  42  11:26  SCV  
  43  11:33  SCV  
  44  11:40  SCV  
  45  11:48  SCV  
  46  11:55  SCV  
  47  12:02  SCV  
  48  12:09  SCV, Medivac  
  48  12:10  Marine, Supply Depot  
  52  12:16  SCV  
  53  12:31  Marauder  
  53  12:32  SCV  
  53  12:34  Supply Depot  
  47  12:39  Raven  
  47  12:43  SCV  
  49  12:52  Marine, Ghost Academy  
  49  12:58  SCV  
  50  13:11  Marine  
  50  13:12  SCV  
  49  13:13  Medivac  
  49  13:19  SCV  
  39  13:26  SCV  
  39  13:31  Marine  
  39  13:34  SCV  
  41  13:41  SCV  
  40  13:44  Raven  
  40  13:48  SCV  
  42  13:52  Marine  
  44  13:55  SCV  
  45  14:02  SCV  
  46  14:10  SCV  
  46  14:12  Marine  
  47  14:17  SCV  
  47  14:18  Raven  
  50  14:32  Marine  
  51  14:51  Ghost  
  51  14:52  Raven  
Tags
 
Add a new tag
Caveats
  • Supply blocks, unpowered buildings, or Contaminate may cause inaccurate times.
  • Supply counts are checked every 10 seconds.